 Dungeon Crawl Stone Soup version 0.29-a0-923-g6e406bff71 (webtiles) character file.

Game seed: 8920651516720755417

24 xian the Shooter (level 2, -1/17 HPs)
             Began as a Deep Elf Hunter on July 28, 2022.
             Succumbed to a scorpion's poison
             ... on level 2 of the Dungeon.
             The game lasted 00:01:43 (1008 turns).

xian the Shooter (Deep Elf Hunter)                  Turns: 1008, Time: 00:01:44

Health: -1/17      AC:  3    Str:  8    XL:     2   Next: 79%
Magic:  4/4        EV: 12    Int: 13    God:
Gold:   70         SH:  0    Dex: 18    Spells: 1/1 levels left

rFire   . . .      SeeInvis .   a - +0 shortbow
rCold   . . .      Faith    .   (shield currently unavailable)
rNeg    . . .      Spirit   .   c - +0 leather armour
rPois   .          Reflect  .   (no helmet)
rElec   .          Harm     .   (no cloak)
rCorr   .          Rampage  .   (no gloves)
Will    .....                   (no boots)
Stlth   ++........              (no amulet)
HPRegen 0.05/turn               (no ring)
MPRegen 0.09/turn               (no ring)

@: lethally poisoned (-1 -> -16), about to teleport
A: no striking features
a: no special abilities


You were on level 2 of the Dungeon.
You visited 1 branch of the dungeon, and saw 2 of its levels.

You collected 70 gold pieces.

Inventory:

Hand Weapons
 a - a +0 shortbow (weapon)
 f - a +2 mace of protection
Armour
 c - a +0 leather armour (worn)
Scrolls
 b - 2 scrolls of immolation
 h - a scroll of amnesia
Potions
 e - a potion of curing {unknown}
 g - a potion of mutation {unknown}


   Skills:
 + Level 1.7 Fighting
 + Level 6.2 Ranged Weapons
 + Level 0.1 Armour
 + Level 2.5 Dodging
 + Level 1.2 Stealth


You had one spell level left.
You didn't know any spells.
Your spell library was empty.

Dungeon Overview and Level Annotations

Branches:
Dungeon (2/15)

Altars:


Message History

Found a ring mail.
i - a scroll labelled JIRGHO BANE
i - 2 scrolls labelled JIRGHO BANE (gained 1)
You see here a hobgoblin corpse.
As you read the scroll labelled JIRGHO BANE, it crumbles to dust.
You feel strangely unstable.
It was a scroll of teleportation.
As you read the scroll labelled FASAIC YPEB RAWY, it crumbles to dust.
It is a scroll of identify.
h - a scroll of amnesia
Okay, then.
Your surroundings suddenly seem different.
A scorpion comes into view.
Found a scroll of identify.
You shoot an arrow.
The arrow hits the scorpion but does no damage.
You don't know any spells.
Sorry, you're not good enough to have a special ability.
You shoot an arrow. The arrow barely misses the scorpion.
You shoot an arrow. The arrow barely misses the scorpion.
The scorpion stings you.
The scorpion stings you but does no damage.
You shoot an arrow. The arrow hits the scorpion.
The scorpion is lightly wounded.
The scorpion closely misses you.
You shoot an arrow. The arrow closely misses the scorpion.
The scorpion closely misses you. x2
You shoot an arrow.
The arrow hits the scorpion but does no damage.
The scorpion is lightly wounded.
The scorpion stings you.
Okay, then.
As you read the scroll of teleportation, it crumbles to dust.
You feel strangely unstable. The scorpion barely misses you.
Unknown command.
The scorpion stings you.
* * * LOW HITPOINT WARNING * * *
You are lethally poisoned!
The scorpion poisons you!
Found a robe.
You die...

# # #. #########
#.#######........
#........#######
##.####..# ##.#
#..###### ##s.#
#........ #..@#
#########
[...?#..#
##.###..# # #..#
#..# .... ##..
#..


You could see a scorpion.

Vanquished Creatures
  4 bats
  2 endoplasms (D:1)
  2 goblins (D:1)
  4 hobgoblins
  5 ball pythons (D:1)
  A frilled lizard (D:1)
  4 rats (D:1)
22 creatures vanquished.

Notes
Turn   | Place    | Note
-------+----------+-------------------------------------------
     0 | D:1      | xian the Deep Elf Hunter began the quest for the Orb.
     0 | D:1      | Reached XP level 1. HP: 12/12 MP: 3/3
   337 | D:1      | Reached skill level 6 in Ranged Weapons
   337 | D:1      | Reached XP level 2. HP: 16/16 MP: 4/4
   552 | D:1      | Found a faded altar of an unknown god.
   999 | D:2      | Noticed a scorpion
  1008 | D:2      | Succumbed to a scorpion's poison

Illustrated notes

Levels and vault maps discovered:
D:1:      sevenhm_arrival_forest_fort_large_4, layout_rooms,
          hellmonk_ecumenical_altar_blasted, minmay_misc_feat_ornament,
          minmay_tromino_i4
D:2:      layout_loops_ring

Skill      XL: |  1 |
---------------+----+-----
Ranged Weapons | 6 |  6.2
Fighting       | |  1.7
Armour         | |  0.1
Dodging        | |  2.5
Stealth        | |  1.2

Action                   || total
-------------------------++-------
 Fire: Shortbow          ||    50
  Use: Scroll            ||     3
Armor: Leather armour    ||     6
Dodge: Dodged            ||    13

Table legend: (Time is in decaauts)
 A = Elapsed time spent in this place.
 B = Non-inter-level travel time spent in this place.
 C = Inter-level travel time spent in this place.
 D = Time resting spent in this place.
 E = Time spent auto-exploring this place.
 F = Levels seen in this place.
 G = Mean time per level.
                   A        B        C        D        E       F      G
               +--------+--------+--------+--------+--------+-----+--------+
         Total |   1020 |   1000 |     20 |      0 |    871 |   2 |  510.0 |
       Dungeon |   1020 |   1000 |     20 |      0 |    871 |   2 |  510.0 |
               +--------+--------+--------+--------+--------+-----+--------+

Top non-repeatable levels by time:
     D:1: 969 daAuts
     D:2: 51 daAuts
